 Seeded DCSS version 0.29-a0-648-g6b26cc9 (webtiles) character file.

Game seed: 2767337840731368785 (custom seed)

154 brinewave the Chiller (level 5, -1/28 HPs)
             Began as a Gargoyle Ice Elementalist on June 19, 2022.
             Slain by an ogre
             ... wielding a +0 giant club
              (29 damage)
             ... on level 4 of the Dungeon on June 20, 2022.
             The game lasted 00:25:11 (4055 turns).

brinewave the Chiller (Gargoyle Ice Elementalist)   Turns: 4055, Time: 00:25:11

Health: -1/28      AC:  6    Str: 11    XL:     5   Next: 36%
Magic:  8/8        EV: 11    Int: 18    God:
Gold:   244        SH:  0    Dex: 10    Spells: 2/9 levels left

rFire   . . .      SeeInvis .   v - +0 flail (vorpal)
rCold   . . .      Faith    .   (no shield)
rNeg    + . .      Spirit   .   a - +0 robe
rPois   ∞          Reflect  .   (no helmet)
rElec   +          Harm     .   (no cloak)
rCorr   .          Rampage  .   (no gloves)
Will    .....                   (no boots)
Stlth   ++........              (no amulet)
HPRegen 0.09/turn               (no ring)
MPRegen 0.11/turn               (no ring)

@: no status effects
A: sickness immunity, AC +4, negative energy resistance 1, electricity
resistance, torment resistance 1, petrification resistance
a: no special abilities


You were on level 4 of the Dungeon.
You visited 1 branch of the dungeon, and saw 4 of its levels.

You collected 244 gold pieces.

Inventory:

Hand Weapons
 f - a +0 dagger
 t - a +0 hunting sling
 v - a +0 vorpal flail (weapon)
Missiles
 c - 2 boomerangs
 g - 48 stones
 i - 2 poisoned darts
Armour
 a - a +0 robe (worn)
 s - the +1 scale mail "Zaropon" {rC+ rN+ Str+5}
   (You found it on level 2 of the Dungeon)

   Str:       It affects your strength (+5).
   rC:        It protects you from cold.
   rN:        It protects you from negative energy.
 A - a +0 leather armour
Wands
 w - a wand of iceblast (9)
Scrolls
 e - a scroll of fear {unknown}
 h - a scroll of summoning {unknown}
 j - a scroll of vulnerability {unknown}
 k - 3 scrolls of silence {unknown}
 m - 5 scrolls of identify {unknown}
 o - 3 scrolls of teleportation {unknown}
 u - a scroll of immolation {unknown}
 x - a scroll of noise {unknown}
 y - a scroll of blinking {unknown}
Potions
 b - 2 potions of magic
 d - a potion of brilliance {unknown}
 l - a potion of curing {unknown}
 n - 2 potions of heal wounds {unknown}
 p - a potion of experience {unknown}
 q - a potion of degeneration {unknown}
 r - 2 potions of flight {unknown}
 z - 2 potions of ambrosia {unknown}


   Skills:
 + Level 1.5 Armour
 - Level 1.5 Dodging
 + Level 3.1 Stealth
 + Level 2.6 Spellcasting
 + Level 5.5 Ice Magic


You had 2 spell levels left.
You knew the following spells:

 Your Spells              Type           Power      Damage    Failure   Level
a - Freeze                Ice            88%        1d10      1%          1
b - Frozen Ramparts       Ice            44%        1d6       4%          3
c - Ozocubu's Armour      Ice            22%        N/A       4%          3

Your spell library contained the following spells:

 Spells                   Type           Power      Damage    Failure   Level
 Necrotize                Necr           8%         1d4       17%         1
 Wereblood                Tmut           2%         N/A       26%         2
 Vampiric Draining        Necr           2%         2d6       45%         3
 Hailstorm                Conj/Ice       12%        3d5       47%         4
 Agony                    Necr           2%         N/A       99%         5
 Summon Hydra             Summ           1%         N/A       100%        7
 Sublimation of Blood     Necr           Unusable   N/A       N/A         2

Dungeon Overview and Level Annotations

Branches:
Dungeon (4/15)
 Temple: D:4-7

Altars:
Makhleb
Nemelex Xobeh

Annotations:
D:2 1 runed translucent door, Crazy Yiuf


Innate Abilities, Weirdness & Mutations

You are immune to sickness and miasma.
Your stone body is resilient. (AC +4)
You are immune to poison.
You resist negative energy. (rN+)
You are resistant to electric shocks. (rElec)
You are resistant to unholy torment.
You are immune to petrification.


Message History

The ufetubus resists.
The wall freezes the ufetubus.
The ufetubus hits you but does no damage.
The ufetubus closely misses you.
Aiming: Freeze (safe; 1% risk of failure)
Press: ? - help, Q - select action, (/) - cycle Shift-Dir - straight line, f - ufetubus
Aim: an ufetubus (heavily wounded)
You freeze the ufetubus.
The ufetubus resists.
The ufetubus is almost dead.
The ufetubus completely resists.
The wall freezes the ufetubus but does no damage.
The ufetubus hits you but does no damage.
The ufetubus closely misses you.
The wall freezes the kobold.
Aiming: Freeze (safe; 1% risk of failure)
Press: ? - help, Q - select action, (/) - cycle Shift-Dir - straight line, f/p - ufetubus
Aim: an ufetubus (almost dead)
You freeze the ufetubus.
The ufetubus resists.
You kill the ufetubus!
An ogre comes into view. It is wielding a +0 giant club.
The wall freezes the kobold.
You kill the kobold!
Throw: 2 darts (poison)
Press: ? - help, Shift-Dir - straight line, f - ogre
Aim: an ogre, wielding a +0 giant club (wandering, hasn't noticed you, 71% to hit)
Okay, then.
Your frozen ramparts will break if you move.
Continue?
The frozen ramparts melt away as you move.
Things that are here:
a +0 whip; 5 stones
There is a stone staircase leading up here.
You can't go down here!
You climb upwards.
There is a stone staircase leading down here.
You start resting.
HP restored.
You start resting.
Magic restored.
You climb downwards.
The ogre hits you with a +0 giant club!!
Ouch! That really hurt!
You die...

.. ... .... .....
################......
......#.....(.[...O...
......#......###......
......O..<........[...
#.....@..............
#....................
......................
.................... #
....................
....................
....................
###.#####.......... #.
#.........


You could see an ogre.

Vanquished Creatures
  An orc priest (D:3)
  4 adders
  An ufetubus (D:4)
  3 worms
  A dart slug (D:2)
  4 orcs (D:3)
  5 ball pythons
  8 endoplasms
  5 giant cockroaches
  5 goblins
  7 hobgoblins
  4 jackals (D:2)
  4 kobolds
  2 quokkas
  5 bats
  2 frilled lizards
  3 rats
64 creatures vanquished.

Notes
Turn   | Place    | Note
-------+----------+-------------------------------------------
     0 | D:1      | brinewave the Gargoyle Ice Elementalist began the quest for
                  | the Orb.
     0 | D:1      | Reached XP level 1. HP: 10/10 MP: 3/3
   215 | D:1      | Reached XP level 2. HP: 15/15 MP: 3/5
   837 | D:1      | Found a faded altar of an unknown god.
   885 | D:1      | Reached XP level 3. HP: 19/19 MP: 4/6
   994 | D:1      | Reached skill level 5 in Ice Magic
  1002 | D:1      | Learned a level 3 spell: Frozen Ramparts
  1894 | D:2      | Reached XP level 4. HP: 24/24 MP: 2/7
  2259 | D:2      | Identified the +1 scale mail "Zaropon" {rC+ rN+ Str+5}
  2495 | D:2      | Found a runed translucent door.
  2496 | D:2      | Noticed Crazy Yiuf
  3040 | D:3      | Reached skill level 1 in Armour
  3060 | D:3      | Reached XP level 5. HP: 14/28 MP: 0/8
  3343 | D:3      | Found a sparkling altar of Nemelex Xobeh.
  3390 | D:3      | Learned a level 3 spell: Ozocubu's Armour
  3519 | D:3      | Found a burning altar of Makhleb.
  4003 | D:4      | Noticed an ogre
  4055 | D:4      | Slain by an ogre

Illustrated notes

Levels and vault maps discovered:
D:1:      dpeg_chamrin_arrival_tetris, layout_basic,
          ebering_ecumenical_altar_abandoned
D:2:      minmay_spotlight, layout_loops_corners, minmay_crystal_room,
          uniq_crazy_yiuf_cottage
D:3:      layout_basic, demons_altar, nemelex_xobeh_ov_fountains_minmay
D:4:      layout_basic, serial_curves, eino_curves_04, eino_curves_03,
          minmay_fractal_squares_5

Skill      XL: |  1  2  3  4 |
---------------+-------------+-----
Ice Magic      | 5 |  5.5
Armour         | 1 |  1.5
Stealth        | 3 |  3.1
Dodging        | |  1.5
Spellcasting   | |  2.6

Action                   |  1- 3 |  4- 6 || total
-------------------------+-------+-------++-------
Melee: Whip              |     7 |       ||     7
Throw: Dart              |     7 |     7 ||    14
       Boomerang         |       |     3 ||     3
 Cast: Freeze            |    53 |    29 ||    82
       Frozen Ramparts   |     3 |     7 ||    10
Armor: Robe              |    16 |     7 ||    23
Dodge: Dodged            |    22 |     8 ||    30

Table legend: (Time is in decaauts)
 A = Elapsed time spent in this place.
 B = Non-inter-level travel time spent in this place.
 C = Inter-level travel time spent in this place.
 D = Time resting spent in this place.
 E = Time spent auto-exploring this place.
 F = Levels seen in this place.
 G = Mean time per level.
                   A        B        C        D        E       F      G
               +--------+--------+--------+--------+--------+-----+--------+
         Total |   4055 |   3966 |     89 |   1256 |    940 |   4 | 1013.8 |
       Dungeon |   4055 |   3966 |     89 |   1256 |    940 |   4 | 1013.8 |
               +--------+--------+--------+--------+--------+-----+--------+

Top non-repeatable levels by time:
     D:2: 1672 daAuts
     D:1: 1275 daAuts
     D:3: 1080 daAuts
     D:4: 26 daAuts
